 Dungeon Crawl Stone Soup version 0.29.1-1-gd02db6906a (webtiles) character file.

Game seed: 9724172252235562816

126 Sabo the Sneak (level 4, -1/18 HPs)
             Began as a Spriggan Air Elementalist on Sept 24, 2022.
             Was a Follower of Hepliaklqana.
             Slain by a river rat (7 damage)
             ... in a sewer.
             The game lasted 00:22:31 (3074 turns).

Sabo the Sneak (Spriggan Air Elementalist)          Turns: 3074, Time: 00:22:31

Health: -1/18      AC:  6    Str:  4    XL:     4   Next: 83%
Magic:  10/10      EV: 17    Int: 18    God:    Hepliaklqana [*.....]
Gold:   155        SH:  0    Dex: 15    Spells: 9/10 levels left

rFire   . . .      SeeInvis +   n - +2 falchion (flame)
rCold   . . .      Faith    .   (no shield)
rNeg    . . .      Spirit   .   a - +0 robe
rPois   .          Reflect  .   (helmet restricted)
rElec   .          Harm     .   (no cloak)
rCorr   .          Rampage  .   (gloves unavailable)
Will    .....                   (boots unavailable)
Stlth   +++.......              (no amulet)
HPRegen 0.06/turn               k - +4 ring of protection
MPRegen 0.12/turn               (no ring)

@: very quick
A: reduced essence, very small, no large weapons, unfitting armour, see
invisible, speed 3
a: Renounce Religion, Recall Ancestor, Ancestor Identity


You were in a sewer.
You worshipped Hepliaklqana.
Hepliaklqana was aware of your devotion.
You visited 1 branch of the dungeon, and saw 3 of its levels.
You also visited: Sewer.

You collected 155 gold pieces.

Inventory:

Hand Weapons
 e - a +0 spear
 f - a +2 dagger of speed
 m - a +0 hand axe
 n - a +2 falchion of flaming (weapon)
Armour
 a - a +0 robe (worn)
Jewellery
 k - a +4 ring of protection (left hand)
Scrolls
 b - a scroll of butterflies {unknown}
 g - 2 scrolls of teleportation
 j - a scroll of blinking {unknown}
Potions
 c - a potion of mutation {unknown}
 d - 3 potions of curing {unknown}
 h - 2 potions of heal wounds {unknown}
 i - a potion of lignification {unknown}
 l - a potion of might {unknown}
 p - a potion of berserk rage {unknown}


   Skills:
 + Level 0.1 Fighting
 + Level 0.1(0.2) Short Blades
 + Level 0.1(0.2) Long Blades
 + Level 3.0 Dodging
 + Level 4.0 Stealth
 + Level 3.9 Spellcasting
 + Level 1.2 Conjurations
 + Level 3.8 Air Magic


You had 9 spell levels left.
You knew the following spells:

 Your Spells              Type           Power      Damage    Failure   Level
a - Shock                 Conj/Air       48%        1d6       5%          1

Your spell library contained the following spells:

 Spells                   Type           Power      Damage    Failure   Level
 Static Discharge         Conj/Air       12%        3-5/arc   8%          2
 Swiftness                Air            17%        N/A       9%          3
 Sandblast                Erth           6%         2d5       16%         1
 Passwall                 Tmut/Erth      2%         N/A       22%         2
 Airstrike                Air            8%         2d(2-18)  30%         4
 Stone Arrow              Conj/Erth      10%        3d7       34%         3


Dungeon Overview and Level Annotations

Branches:
Dungeon (3/15)              Sewer (1/1)

Altars:
Hepliaklqana


Innate Abilities, Weirdness & Mutations

Your life essence is reduced to manifest your ancestor. (-10% HP)
You are very small and have problems with some larger weapons.
You are too small for most types of armour.
You have supernaturally acute eyesight. (SInv)
You cover ground extremely quickly. (Speed+++)


Message History

Henutmehyt closely misses the river rat.
You barely miss the river rat. The river rat misses you.
Henutmehyt barely misses the river rat.
The rat barely misses you. The river rat barely misses you.
Henutmehyt barely misses the river rat.
You slash the river rat! You burn the river rat.
The river rat is almost dead.
The rat completely misses you. The river rat misses you.
Henutmehyt closely misses the river rat.
You hit the river rat. You burn the river rat.
You kill the river rat!
The rat barely misses you.
Henutmehyt closely misses the rat.
The rat closely misses you.
Your Stealth skill increases to level 4!
You hit the river rat but do no damage. The river rat misses you.
Henutmehyt barely misses the rat.
The rat closely misses you. The river rat closely misses you.
Henutmehyt closely misses the rat.
You closely miss the river rat. The rat completely misses you.
The river rat closely misses you.
Henutmehyt hits the rat but does no damage.
You closely miss the river rat.
The rat bites Henutmehyt.
The river rat bites you but does no damage.
Henutmehyt hits the rat.
The rat dies!
You barely miss the river rat. The river rat barely misses you.
Henutmehyt barely misses the river rat.
The river rat bites you.
You closely miss the river rat.
Henutmehyt closely misses the river rat.
The rat barely misses you. The river rat bites you!
Henutmehyt hits the river rat but does no damage.
You closely miss the river rat. The rat misses you. The river rat misses you.
Henutmehyt hits the river rat but does no damage.
You hit the river rat but do no damage. The rat bites you but does no damage.
The river rat bites you.
Henutmehyt hits the river rat.
The rat closely misses you.
You hit the river rat. You burn the river rat.
The river rat is moderately wounded.
The river rat misses you.
Henutmehyt hits the river rat but does no damage.
The rat closely misses you. The river rat bites you!
You die...

####
#~.~##
~..~~
~~..##
#.~.#
#r†##
#R@~#
##r.#
#~~#
#∩∩#
#..#
#..#
..~#
#~.##
.~~#


You could see the friendly Henutmehyt the ancestor, a river rat (ally target)
and a rat.

Vanquished Creatures
  4 adders
  2 river rats
  2 worms (D:2)
  A dart slug (D:1)
  6 endoplasms
  4 giant cockroaches
  2 goblins
  5 hobgoblins
  4 jackals (D:1)
  9 quokkas
  7 ball pythons
  A bat (D:1)
  3 frilled lizards (D:1)
  6 kobolds
  6 rats
62 creatures vanquished.

Vanquished Creatures (collateral kills)
  2 rats (Sewer)
2 creatures vanquished.

Vanquished Creatures (others)
  A plant (D:1)
1 creature vanquished.

Grand Total: 65 creatures vanquished

Notes
Turn   | Place    | Note
-------+----------+-------------------------------------------
     0 | D:1      | Sabo the Spriggan Air Elementalist began the quest for the
                  | Orb.
     0 | D:1      | Reached XP level 1. HP: 9/9 MP: 5/5
   301 | D:1      | Reached XP level 2. HP: 13/13 MP: 0/6
  1149 | D:1      | Reached XP level 3. HP: 16/16 MP: 5/8
  1451 | D:1      | Found a faded altar of an unknown god.
  1460 | D:1      | Prayed at the altar of an unknown god.
  1460 | D:1      | Became a worshipper of Hepliaklqana the Forgotten
  1460 | D:1      | Reached * piety under Hepliaklqana
  1591 | D:2      | Reached skill level 1 in Conjurations
  2116 | D:2      | Reached XP level 4. HP: 18/18 MP: 7/10
  3043 | D:3      | Found a glowing drain.
  3058 | Sewer    | Entered a sewer
  3067 | Sewer    | Reached skill level 4 in Stealth
  3074 | Sewer    | Slain by a river rat

Illustrated notes

Levels and vault maps discovered:
D:1:      ebering_trefoil_twist, layout_rooms, chequers_ecumenical_altar_lobes,
          minivault_25
D:2:      minmay_evil_eye, layout_basic, chequers_serial_rivers_micro_c,
          st_stairs_5, minmay_misc_feat_square
D:3:      layout_loops_ring, gup_sewer_entry_bubbles, kennysheep_nub,
          uniq_sigmund, uniq_ijyb
Sewer:    sewer_hellmonk_bad_rat

Skill      XL: |  1  2  3  4 |
---------------+-------------+-----
Air Magic      | 3 |  3.8
Spellcasting   | 3 |  3.9
Dodging        | 3 |  3.0
Conjurations   | 1 |  1.2
Stealth        | 4 |  4.0
Fighting       | |  0.1
Short Blades   | |  0.1
Long Blades    | |  0.1

Action                   |  1- 3 |  4- 6 || total
-------------------------+-------+-------++-------
Melee: Spear             |    11 |       ||    11
       Dagger            |     9 |    12 ||    21
       Falchion          |       |    36 ||    36
 Cast: Shock             |    79 |    27 ||   106
Invok: Ancestor Identity |       |     1 ||     1
  Use: Potion            |     1 |       ||     1
       Scroll            |     1 |     2 ||     3
 Stab: Sleeping          |       |     1 ||     1
Armor: Robe              |     1 |     7 ||     8
Dodge: Dodged            |    23 |    39 ||    62
